 Dungeon Crawl Stone Soup version 0.21.1-1-g345015f (webtiles) character file.

215976 equalderp2856 the Severer (level 18, -5/173 HPs)
             Began as a Minotaur Fighter on Apr 29, 2018.
             Slain by a jiangshi (9 damage)
             ... on level 2 of the Vaults.
             The game lasted 01:30:37 (40579 turns).

equalderp2856 the Severer (Minotaur Fighter)       Turns: 40579, Time: 01:30:38

Health: -5/173     AC: 29    Str: 25    XL:     18   Next: 34%
Magic:  18/18      EV: 10    Int:  9    God:
Gold:   811        SH: 16    Dex: 12    Spells: 17/17 levels left

rFire    + . .     SeeInvis .   a - +7 broad axe (flame)
rCold    . . .     Gourm    .   c - +1 shield
rNeg     . . .     Faith    .   Q - +2 plate armour {rPois}
rPois    +         Spirit   .   D - +0 hat
rElec    .         Reflect  .   X - +2 cloak {MR+}
rCorr    .         Harm     .   w - +2 pair of gloves
MR       ++...                  p - +2 pair of boots
Stlth    ..........             z - amulet of regeneration
HPRegen  0.78/turn              C - ring of protection from fire
MPRegen  0.16/turn              Z - +2 ring of strength

@: lethally poisoned (-5 -> -9), flayed, heavily drained
A: retaliatory headbutt, horns 2
}: 1/15 runes: decaying
a: no special abilities


You were on level 2 of the Vaults.
You were not hungry.

You visited 8 branches of the dungeon, and saw 32 of its levels.
You also visited: Bailey and Ice Cave.

You collected 2467 gold pieces.
You spent 1656 gold pieces at shops.

Inventory:

Hand Weapons
 a - a +7 broad axe of flaming (weapon)
 B - a +4 broad axe of flaming
 G - the +9 war axe of the Pillar {protect, rElec Int+3 Dex-5 SInv}
   (You bought it in a shop on level 15 of the Dungeon)

   It protects the one who uses it against injury (+AC on strike).
   It affects your intelligence (+3).
   It affects your dexterity (-5).
   It insulates you from electricity.
   It lets you see invisible.
 R - a +5 spear of flaming
Armour
 c - a +1 shield (worn)
 p - a +2 pair of boots (worn)
 t - a scarf of spirit shield
 w - a +2 pair of gloves (worn)
 D - a +0 hat (worn)
 H - the +0 pair of gloves of Death Resistance {rPois Int+4}
   (You bought it in a shop on level 15 of the Dungeon)

   It affects your intelligence (+4).
   It protects you from poison.
 Q - a +2 plate armour of poison resistance (worn)
 X - a +2 cloak of magic resistance (worn)
Jewellery
 h - the amulet "Casuzxoi" {RegenMP Str+2 Int+2}
   (You found it on level 15 of the Dungeon)

   [amulet of magic regeneration]

   It increases your magic regeneration.
   It affects your strength (+2).
   It affects your intelligence (+2).
 z - an amulet of regeneration (around neck)
 C - a ring of protection from fire (left hand)
 Z - a +2 ring of strength (right hand)
Wands
 b - a wand of acid (11)
 r - a wand of iceblast (8)
 U - a wand of disintegration (14)
 V - a wand of digging (30)
 W - a wand of paralysis (5)
Scrolls
 g - 5 scrolls of blinking
 j - a scroll of acquirement
 k - 3 scrolls of fog
 q - 5 scrolls of enchant armour
 u - 6 scrolls of teleportation
 x - 16 scrolls of remove curse
 y - 3 scrolls of immolation
 A - 2 scrolls of magic mapping
 F - 5 scrolls of amnesia
 K - a scroll of holy word
 L - 3 scrolls of fear
 N - a scroll of identify
Potions
 d - 4 potions of might
 i - a potion of cancellation
 l - 2 potions of magic
 m - 5 potions of curing
 n - 7 potions of lignification
 o - 6 potions of heal wounds
 s - a potion of invisibility
 v - 6 potions of haste
 M - a potion of resistance {unknown}
 O - 5 potions of flight
 P - 4 potions of agility
Books
 e - a book of Ice

   Spells                             Type                      Level
   a - Ice Form                       Ice/Transmutation            4
   b - Metabolic Englaciation         Hexes/Ice                    5
   c - Ozocubu's Refrigeration        Ice                          6
   d - Bolt of Cold                   Conjuration/Ice              6
   e - Freezing Cloud                 Conjuration/Ice/Air          6
   f - Simulacrum                     Ice/Necromancy               6
 E - a book of Burglary

   Spells                             Type                      Level
   a - Swiftness                      Charms/Air                   2
   b - Passwall                       Transmutation/Earth          2
   c - Passage of Golubria            Translocation                4
   d - Lee's Rapid Deconstruction     Earth                        5
   e - Darkness                       Hexes                        6
   f - Invisibility                   Hexes                        6
 J - Theurgy in Simple Steps
   (You found it on level 4 of the Lair of Beasts)

   Spells                             Type                      Level
   a - Shroud of Golubria             Charms/Translocation         2
   b - Song of Slaying                Charms                       2
   c - Searing Ray                    Conjuration                  2
   d - Corpse Rot                     Necromancy                   2
   e - Sublimation of Blood           Necromancy                   2
 T - a book of Necromancy

   Spells                             Type                      Level
   a - Pain                           Necromancy                   1
   b - Animate Skeleton               Necromancy                   1
   c - Vampiric Draining              Necromancy                   3
   d - Regeneration                   Charms/Necromancy            3
   e - Animate Dead                   Necromancy                   4
   f - Borgnjor's Vile Clutch         Necromancy/Earth             5
Miscellaneous
 I - a fan of gales
 S - a lightning rod (4/4)
Comestibles
 f - 23 rations


   Skills:
 + Level 18.5(16.5) Fighting
 + Level 20.1(18.4) Axes
 + Level 6.3(13.0) Polearms
 + Level 16.9(15.0) Armour
 + Level 6.2(4.7) Dodging
 + Level 3.7(2.3) Stealth
 + Level 19.0(17.0) Shields
 + Level 1.9(0.6) Evocations


You had 17 spell levels left.
You didn't know any spells.

Dungeon Overview and Level Annotations

Branches:
Dungeon (15/15)            Temple (0/1) D:4            Lair (6/6) D:8
  Swamp (4/4) Lair:3       Spider (1/4) Lair:4        Slime (0/5) Lair:5
    Orc (2/2) D:11            Elf (1/3) Orc:2        Vaults (2/5) D:14
  Crypt (1/3) Vaults:2     Depths (0/5) D:15

Altars:
Cheibriados
Elyvilon
Fedhas
Hepliaklqana
Trog
Uskayaw
Vehumet
Wu Jian
Yredelemnul
Zin
The Shining One

Shops:
D:4 [   D:7 :   D:15 ([*=[   Orc:2 :![%(

Portals:
Trove: Vaults:2 (give +6 demon blade)

Annotations:
D:9 1 runed door
D:11 exclusions: ice statue and orange crystal statue
Lair:4 exclusion: 3 oklob plants
Spider:1 Louise


Innate Abilities, Weirdness & Mutations

You reflexively headbutt those who attack you in melee.
You have a pair of horns on your head.


Message History

You burn the jiangshi. You closely miss the jiangshi.
You feel sick.
The jiangshi claws you but does no damage.
You block the jiangshi's attack. x2
The jiangshi claws you but does no damage.
You block the jiangshi's attack. The jiangshi misses you.
You slice the jiangshi!! You burn the jiangshi!
You destroy the jiangshi!
You slash the eidolon! You burn the eidolon. You barely miss the jiangshi.
You hit the jiangshi but do no damage.
You feel sick. You block the jiangshi's attack.
The jiangshi claws you but does no damage.
The eidolon stares piercingly at you. The bolt of negative energy hits you!
You feel drained.
* * * LOW HITPOINT WARNING * * *
The bolt of negative energy misses the jiangshi.
You block the jiangshi's attack. The jiangshi claws you!
* * * LOW HITPOINT WARNING * * *
The jiangshi draws strength from your injuries!
You block the jiangshi's attack. The jiangshi claws you!
You die...

#......))....................
#.......)....................
##############'#####.........
#...........##.........
#.#########.##.........
########..)......#.##.........
#......#.#######.#.##.........
#......#.#.)W..#.#.##.........
#......#.#.#.@V#.#.##.........
#......'.#.#.)V#.#.##.........
#.....)#.#.#####.#.##.........
#...<..#.#.......#.##.........
#......#.#########.###########
########...........#
#############


You could see an eidolon and 2 jiangshi.

Vanquished Creatures
  A thorn hunter (Swamp:4)
  2 sphinxes (Vaults:2)
  A frost giant (IceCv)
  A ghost moth (Spider:1)
  2 vault wardens
  4 ironheart preservers
  The ghost of Gandalfino the Severer, a journeyman MiFi of Cheibriados (D:15)
  A stone giant (Vaults:1)
  Snorg (D:12)
  An ettin (D:15)
  A deep elf death mage (Vaults:2)
  A jiangshi (Vaults:2)
  3 fire dragons
  7 yaktaur captains
  A great orb of eyes (Vaults:2)
  A rakshasa (D:14)
  Harold (D:12)
  8 vault guards
  19 hydras
  An ice dragon (Vaults:2)
  3 ghost crabs
  7 centaur warriors
  5 death knights
  A death yak (IceCv)
  9 alligators
  27 two-headed ogres
  An alligator (shapeshifter) (Vaults:2)
  5 tengu warriors
  9 ogre magi
  4 orc high priests
  3 deep elf knights
  6 skeletal warriors (Vaults:2)
  A flayed ghost (Vaults:1)
  2 glowing orange brains (Vaults:2)
  3 shambling mangroves
  A deep troll (D:15)
  11 swamp dragons
  7 ironbrand convokers
  3 lindwurms
  6 deep elf magi
  2 phantasmal warriors
  5 necromancers
  9 orc knights
  8 orc sorcerers
  7 ugly things
  3 wolf spiders
  3 manticores
  A frost giant zombie (Vaults:2)
  5 cyclopes
  A fire giant zombie (Vaults:2)
  A sphinx skeleton (Vaults:2)
  3 black mambas
  An oklob plant (Lair:4)
  Maurice (D:9)
  A stone giant skeleton (Vaults:2)
  A centaur zombie (D:14)
  6 elephants (Lair:5)
  A torpor snail (Lair:6)
  8 vault sentinels
  2 centaur skeletons (D:14)
  A gargoyle (D:15)
  25 spiny frogs
  An ice statue (IceCv)
  A kobold demonologist (Bailey)
  5 rime drakes
  9 komodo dragons
  20 yaktaurs
  2 ice devils (D:11)
  A demonic crawler (Spider:1)
  A yaktaur skeleton (Vaults:2)
  2 freezing wraiths
  5 trolls
  A queen bee (shapeshifter) (Vaults:1)
  5 tengu conjurers
  17 polar bears
  12 hornets
  11 tyrant leeches
  A meliai zombie (D:13)
  15 slime creatures
  7 bog bodies
  20 blink frogs
  A tengu simulacrum (Vaults:1)
  A blink frog (shapeshifter) (D:15)
  6 dream sheep
  8 hippogriffs
  4 redbacks
  5 spriggans (Swamp:4)
  3 shadows
  4 wraiths
  2 water elementals (D:11)
  An ettin skeleton (Vaults:2)
  An orc simulacrum (Vaults:1)
  40 yaks
  A tarantella (Lair:4)
  6 wyverns
  4 basilisks
  A yak (shapeshifter) (Vaults:2)
  A hungry ghost (D:12)
  23 humans
  31 vampire mosquitoes
  2 wargs
  28 swamp worms
  11 insubstantial wisps
  2 acid dragons
  23 water moccasins
  6 porcupines
  15 swamp drakes
  6 ice beasts
  A sky beast (shapeshifter) (Vaults:2)
  3 sky beasts
  32 orc warriors
  2 black bears
  An eye of draining (shapeshifter) (Vaults:2)
  A necrophage (D:4)
  25 ogres
  3 phantoms
  19 wolves
  12 boggarts (Vaults:2)
  An eye of draining (D:13)
  An orc skeleton (Vaults:2)
  13 crocodiles
  8 centaurs
  9 human skeletons (Vaults:2)
  6 big kobolds
  22 bullfrogs
  A gnoll sergeant (D:8)
  2 wyvern skeletons
  4 scorpions
  14 killer bees
  7 wights
  8 electric eels
  3 howler monkeys (D:14)
  6 crimson imps
  A quasit (D:10)
  3 bullfrog zombies
  A bullfrog skeleton (D:4)
  5 hounds (D:9)
  4 jellies
  12 orc priests
  A gnoll shaman (D:6)
  4 iguanas
  25 orc wizards
  4 worker ants
  A hound skeleton (D:4)
  A worker ant zombie (D:5)
  33 adders
  An adder (shapeshifter) (Vaults:1)
  12 gnolls
  3 shadow imps
  2 worms (D:2)
  2 dart slugs (D:1)
  5 leopard geckos
  66 orcs
  4 ball pythons
  3 giant cockroaches
  16 goblins
  14 hobgoblins
  6 jackals
  19 kobolds
  2 quokkas
  10 bats
  5 frilled lizards
  A jackal zombie (D:9)
  A leopard gecko skeleton (D:8)
  A quokka zombie (D:6)
  5 rats
  A spectral orc (D:2)
  4 fungi
  3 plants
1124 creatures vanquished.

Vanquished Creatures (others)
  A rakshasa (Vaults:2)
  A spriggan druid (Swamp:3)
  A yak (IceCv)
  A boggart (Vaults:2)
  5 wolves (IceCv)
  An orc wizard (D:5)
  An adder (Lair:2)
  A bush (Lair:5)
  16 fungi
  22 plants
50 creatures vanquished.

Grand Total: 1174 creatures vanquished

Notes
Turn   | Place    | Note
-------+----------+-------------------------------------------
     0 | D:1      | equalderp2856 the Minotaur Fighter began the quest for the Orb.
     0 | D:1      | Reached XP level 1. HP: 19/19 MP: 0/0
    91 | D:1      | Reached XP level 2. HP: 27/27 MP: 1/1
   453 | D:1      | Reached skill level 3 in Axes
   607 | D:2      | Reached XP level 3. HP: 17/33 MP: 2/2
  1000 | D:2      | Found a basalt altar of Yredelemnul.
  1150 | D:2      | Reached XP level 4. HP: 37/40 MP: 3/3
  1681 | D:3      | Found a hide-covered altar of Uskayaw.
  1783 | D:3      | Reached skill level 4 in Axes
  2191 | D:3      | Found a bloodstained altar of Trog.
  2532 | D:4      | Noticed a necrophage
  2543 | D:4      | Killed a necrophage
  2543 | D:4      | Reached skill level 5 in Axes
  2543 | D:4      | Reached XP level 5. HP: 30/46 MP: 4/4
  2558 | D:4      | Reached skill level 5 in Armour
  2559 | D:4      | Found a staircase to the Ecumenical Temple.
  2586 | D:4      | Reached XP level 6. HP: 23/52 MP: 5/5
  3168 | D:4      | Found Puem's Antique Armour Emporium.
  3213 | D:5      | Entered Level 5 of the Dungeon
  3236 | D:5      | Noticed an ice beast
  3248 | D:5      | Killed an ice beast
  3248 | D:5      | Reached skill level 1 in Dodging
  3303 | D:5      | Noticed an ice beast
  3315 | D:5      | Killed an ice beast
  3315 | D:5      | Reached skill level 6 in Axes
  3315 | D:5      | Reached skill level 5 in Shields
  3315 | D:5      | Reached XP level 7. HP: 23/59 MP: 1/6
  3471 | D:5      | Reached skill level 5 in Fighting
  3949 | D:6      | Reached skill level 7 in Axes
  4049 | D:6      | Reached XP level 8. HP: 60/67 MP: 7/7
  4163 | D:6      | Found a glowing silver altar of Zin.
  4172 | D:6      | Reached skill level 8 in Axes
  4863 | D:7      | Found an ornate altar of the Wu Jian Council.
  4905 | D:7      | Identified the Compendium of Augmentations
  4994 | D:7      | Found a snail-covered altar of Cheibriados.
  4994 | D:7      | Found a white marble altar of Elyvilon.
  5097 | D:7      | Found Ulejejokk's Book Emporium.
  5334 | D:8      | Reached skill level 9 in Axes
  5336 | D:8      | Reached skill level 1 in Stealth
  5544 | D:9      | Reached XP level 9. HP: 48/74 MP: 6/8
  5873 | D:9      | Reached skill level 10 in Axes
  6017 | D:9      | Found a runed door.
  6284 | D:9      | Reached skill level 11 in Axes
  6392 | D:9      | Reached XP level 10. HP: 70/85 MP: 9/9
  6438 | D:9      | Reached skill level 12 in Axes
  6771 | D:9      | Found a hazy altar of Hepliaklqana.
  6782 | D:9      | Noticed Maurice
  6833 | D:9      | Killed Maurice
  7004 | D:9      | Found a glowing golden altar of the Shining One.
  7201 | D:10     | Entered Level 10 of the Dungeon
  7281 | D:10     | Noticed a two-headed ogre
  7298 | D:10     | Killed a two-headed ogre
  7366 | D:10     | Reached skill level 1 in Evocations
  7424 | D:10     | Reached skill level 13 in Axes
  7775 | D:10     | Reached XP level 11. HP: 78/94 MP: 10/10
  8532 | D:8      | Paralysed by a hornet for 3 turns
  8760 | D:8      | Noticed a two-headed ogre
  8770 | D:8      | Killed a two-headed ogre
  8770 | D:8      | Reached skill level 10 in Armour
  9262 | D:8      | Found a staircase to the Lair.
  9443 | D:8      | Noticed a three-headed hydra
  9507 | D:8      | Killed a three-headed hydra
  9816 | Lair:1   | Entered Level 1 of the Lair of Beasts
  9829 | Lair:1   | Reached skill level 1 in Polearms
 10330 | Lair:1   | Noticed a five-headed hydra
 10349 | Lair:1   | Killed a five-headed hydra
 10349 | Lair:1   | Reached skill level 14 in Axes
 11189 | Lair:2   | Reached skill level 10 in Shields
 11361 | Lair:2   | Got a slimy granite ring
 11799 | Lair:2   | Reached skill level 10 in Fighting
 11799 | Lair:2   | Reached XP level 12. HP: 75/105 MP: 11/11
 12559 | Lair:3   | Found a staircase to the Swamp.
 13327 | Lair:4   | Reached skill level 15 in Axes
 13474 | Lair:4   | Identified Theurgy in Simple Steps
 13486 | Lair:4   | Found a hole to the Spider Nest.
 13609 | Lair:4   | Noticed a six-headed hydra
 13622 | Lair:4   | Killed a six-headed hydra
 14492 | Lair:5   | Found a staircase to the Slime Pits.
 14745 | Lair:5   | Reached XP level 13. HP: 61/114 MP: 12/12
 15228 | Lair:6   | Entered Level 6 of the Lair of Beasts
 15262 | Lair:6   | Reached skill level 16 in Axes
 18345 | D:4      | Identified the cursed ring of Fonakat {rF++ Str+4 Int-5 Dex-2 Stlth-} (You found it on level 2 of the Lair of Beasts)
 18353 | D:4      | Bought a shiny plate armour for 806 gold pieces
 19314 | D:11     | Found a staircase to the Orcish Mines.
 19389 | D:11     | Found a frozen archway.
 19439 | IceCv    | Entered an ice cave
 20087 | IceCv    | Reached XP level 14. HP: 124/127 MP: 13/13
 20397 | IceCv    | Noticed a frost giant
 20462 | IceCv    | Killed a frost giant
 21663 | Orc:1    | Entered Level 1 of the Orcish Mines
 22069 | Orc:2    | Entered Level 2 of the Orcish Mines
 22074 | Orc:2    | Found a staircase to the Elven Halls.
 22137 | Orc:2    | Found Coeweant's Weapon Shoppe.
 22537 | Orc:2    | Found Uphinit's Book Shoppe.
 22839 | Orc:2    | Reached skill level 17 in Axes
 23519 | Orc:2    | Found Kyus's Distillery.
 23562 | Orc:2    | Found Uraor's Antique Armour Shop.
 23604 | Orc:2    | Found Neorop's Food Shop.
 23636 | Orc:2    | Bought a potion of cancellation for 112 gold pieces
 23787 | Elf:1    | Entered Level 1 of the Elven Halls
 24016 | Elf:1    | Found a radiant altar of Vehumet.
 24465 | Spider:1 | Entered Level 1 of the Spider Nest
 24484 | Spider:1 | Noticed Louise
 24493 | Spider:1 | Killed a ghost moth
 25428 | Swamp:1  | Entered Level 1 of the Swamp
 26474 | Swamp:1  | Reached skill level 5 in Dodging
 26474 | Swamp:1  | Reached XP level 15. HP: 108/138 MP: 15/15
 28090 | Swamp:3  | Paralysed by a hornet for 2 turns
 28320 | Swamp:3  | Reached skill level 15 in Shields
 28708 | Swamp:4  | Entered Level 4 of the Swamp
 28708 | Swamp:4  | Noticed a thorn hunter
 29221 | Swamp:3  | Reached skill level 15 in Armour
 29312 | Swamp:4  | Reached skill level 15 in Fighting
 29312 | Swamp:4  | Reached skill level 5 in Polearms
 29746 | Swamp:4  | Killed a thorn hunter
 30450 | Swamp:4  | Reached XP level 16. HP: 90/149 MP: 16/16
 30685 | Swamp:4  | Got a decaying rune of Zot
 31147 | D:12     | Noticed Harold
 31168 | D:12     | Killed Harold
 31349 | D:12     | Reached skill level 18 in Axes
 31719 | D:12     | Noticed Snorg
 31772 | D:12     | Killed Snorg
 32919 | D:14     | Found a flagged portal.
 32958 | Bailey   | Entered a bailey
 33085 | Bailey   | Found an iron altar of Okawaru.
 33091 | Bailey   | Paralysed by an orc sorcerer for 6 turns
 34669 | D:14     | Found a white marble altar of Elyvilon.
 34696 | D:14     | Found a blossoming altar of Fedhas.
 35226 | D:14     | Found a gate to the Vaults.
 35527 | D:15     | Entered Level 15 of the Dungeon
 35677 | D:15     | Got a heavily runed zirconium amulet
 35805 | D:15     | Found a staircase to the Depths.
 35816 | D:15     | Found Ekyxedill's Antique Armour Shoppe.
 35817 | D:15     | Noticed Gandalfino's ghost (journeyman MiFi)
 35846 | D:15     | Killed Gandalfino's ghost
 35874 | D:15     | Found Elaom's Jewellery Emporium.
 35957 | D:15     | Found Deklodinn's Weapon Shop.
 35979 | D:15     | Found Uklilan's Antique Armour Shop.
 35983 | D:15     | Bought a pair of runed gloves for 217 gold pieces
 36525 | D:15     | Found Dikhlyhie's Assorted Antiques.
 36534 | D:15     | Bought a pair of jewelled gloves for 275 gold pieces
 36534 | D:15     | Bought a crude war axe for 246 gold pieces
 36543 | D:15     | Identified the +9 war axe of the Pillar {protect, rElec Int+3 Dex-5 SInv} (You bought it in a shop on level 15 of the Dungeon)
 36564 | D:15     | Identified the cursed +0 pair of gloves of Death Resistance {rPois Int+4} (You bought it in a shop on level 15 of the Dungeon)
 36707 | Vaults:1 | Entered Level 1 of the Vaults
 36833 | Vaults:1 | Reached XP level 17. HP: 61/160 MP: 17/17
 37242 | Vaults:1 | Reached skill level 19 in Axes
 37587 | Vaults:1 | Identified the amulet "Casuzxoi" {RegenMP Str+2 Int+2} (You found it on level 15 of the Dungeon)
 39380 | Vaults:2 | Reached XP level 18. HP: 148/172 MP: 18/18
 39674 | Vaults:2 | Found a portal to a secret trove of treasure.
 39744 | Vaults:2 | Reached skill level 20 in Axes
 40234 | Vaults:2 | Found a staircase to the Crypt.
 40248 | Crypt:1  | Entered Level 1 of the Crypt
 40579 | Vaults:2 | HP: 4/173 [jiangshi[a vampire mage] (12)]
 40579 | Vaults:2 | Slain by a jiangshi

Skill      XL: |  1  2  3  4  5  6  7  8  9 10 11 12 13 14 15 16 17 18 |
---------------+-------------------------------------------------------+-----
Fighting       | 4 5 6 7 8 10 12 14 15 16 18 | 18.5
Shields        | 4 5 6 7 8 10 11 12 14 15 17 18 19 | 19.0
Axes           | 3 5 6 7 9 11 13 14 15 16 17 18 19 20 | 20.1
Armour         | 4 5 6 7 8 9 11 12 13 14 15 16 | 16.9
Dodging        | 1 2 3 4 5 6 |  6.2
Stealth        | 1 2 3 |  3.7
Evocations     | 1 |  1.9
Polearms       | 2 3 4 6 |  6.3

Action                   |  1- 3 |  4- 6 |  7- 9 | 10-12 | 13-15 | 16-18 || total
-------------------------+-------+-------+-------+-------+-------+-------++-------
Melee: War axe           |    93 |   109 |   277 |   919 |  1840 |   399 ||  3637
       Headbutt          |     6 |    16 |    60 |   194 |   513 |   333 ||  1122
       Spear             |       |       |       |    30 |   215 |       ||   245
       Broad axe         |       |       |       |       |       |   947 ||   947
Evoke: Wand              |       |       |       |    14 |     8 |     7 ||    29
       Fan of gales      |       |       |       |       |     1 |       ||     1
  Use: Scroll            |       |     1 |       |     6 |    17 |    22 ||    46
       Potion            |       |       |       |       |     3 |     4 ||     7
 Stab: Paralysed         |       |       |       |       |     9 |       ||     9
       Confused          |       |       |       |       |     2 |       ||     2
       Distracted        |       |       |       |       |       |     3 ||     3
  Eat: Chunk             |       |     6 |     8 |    14 |    15 |     8 ||    51
       Ration            |       |       |     1 |     4 |    11 |     8 ||    24
Armor: Scale mail        |    42 |    45 |    57 |       |       |       ||   144
       Plate armour      |       |       |    40 |   420 |   935 |   521 ||  1916
Dodge: Dodged            |    30 |    32 |    74 |   198 |   559 |   288 ||  1181
Block: Shield            |    59 |    55 |   144 |   493 |  1353 |   872 ||  2976
